SL
ATLANTA SMOKE @ THUNDER BAY NORTHERN LIONS BC
10/01/2026
 
TOP OF THE 1ST
Atlanta Smoke batting - Pitching for Thunder Bay Northern Lions BC : RHP Tyler MacHugh
Pitching: RHP Tyler MacHugh
Batting: LHB Bernardo Elías 0-0: Ball
1-0: Ball
2-0: Foul Ball, location: 2F
2-1: Swinging Strike
2-2: Ball
3-2: Strikes out swinging
Batting: RHB Bartolo Morales 0-0: Foul Ball, location: 2F
0-1: Ball
1-1: Foul Ball, location: 2F
1-2: Foul Ball, location: 2F
1-2: Ball
2-2: Foul Ball, location: 2F
2-2: Fly out, F6 (Popup, 6)
Batting: LHB Ned Durand 0-0: Fly out, F8 (Flyball, 8LS)
Top of the 1st over - 0 run(s), 0 hit(s), 0 error(s), 0 left on base; Atlanta 0 - Thunder Bay 0
BOTTOM OF THE 1ST
Thunder Bay Northern Lions BC batting - Pitching for Atlanta Smoke : RHP Clancy McKinney
Pitching: RHP Clancy McKinney
Batting: RHB Keith Fish 0-0: Called Strike
0-1: Ball
1-1: Swinging Strike
1-2: Foul Ball, location: 2F
1-2: Strikes out swinging
Batting: LHB David Smith 0-0: Swinging Strike
0-1: Ball
1-1: Ground out 4-3 (Groundball, 4)
Batting: RHB Wilfred McLaughlin 0-0: Ground out 6-3 (Groundball, 6)
Bottom of the 1st over - 0 run(s), 0 hit(s), 0 error(s), 0 left on base; Atlanta 0 - Thunder Bay 0
TOP OF THE 2ND
Atlanta Smoke batting - Pitching for Thunder Bay Northern Lions BC : RHP Tyler MacHugh
Batting: RHB Gabriel Maldonado 0-0: Swinging Strike
0-1: Called Strike
0-2: Foul Ball, location: 2F
0-2: Ball
1-2: Reached on error, E5 (Groundball, 56S)
Batting: RHB Gerardo Castillo 0-0: Called Strike
0-1: Ball
1-1: Ball
2-1: Swinging Strike
2-2: Ball
3-2: SINGLE (Groundball, 56D)
Gabriel Maldonado to third
Batting: RHB Layton Templeman 0-0: Called Strike
0-1: Called Strike
0-2: Ball
1-2: Ball
Balk!
Gabriel Maldonado scores
Gerardo Castillo to second
2-2: Strikes out looking
Batting: LHB David Hubbard 0-0: Foul Ball, location: 2F
0-1: Ball
1-1: Hit by Pitch
Batting: RHB Pedro Morales 0-0: Swinging Strike
0-1: Ball
1-1: Fly out, F8 (Flyball, 8LS)
Batting: RHB Travis Newsome 0-0: Foul Ball, location: 2F
0-1: Foul Ball, location: 2F
0-2: Foul Ball, location: 2F
0-2: Strikes out swinging
Top of the 2nd over - 1 run(s), 1 hit(s), 1 error(s), 2 left on base; Atlanta 1 - Thunder Bay 0
BOTTOM OF THE 2ND
Thunder Bay Northern Lions BC batting - Pitching for Atlanta Smoke : RHP Clancy McKinney
Batting: RHB Carlos Padilla 0-0: Ball
1-0: Fly out, F5 (Popup, 5)
Batting: SHB Carlos Rodríguez 0-0: Ball
1-0: Ball
2-0: Ball
3-0: Base on Balls
Batting: LHB Chris Gregory 0-0: Ball
1-0: Ball
2-0: Fielders Choice at 2nd, 4-6 (Groundball, 4)
Batting: SHB Arnold Griffith 0-0: Swinging Strike
0-1: Fly out, F8 (Line Drive, 8RD)
Bottom of the 2nd over - 0 run(s), 0 hit(s), 0 error(s), 1 left on base; Atlanta 1 - Thunder Bay 0
TOP OF THE 3RD
Atlanta Smoke batting - Pitching for Thunder Bay Northern Lions BC : RHP Tyler MacHugh
Batting: LHB Bernardo Elías 0-0: Ball
1-0: SINGLE (Line Drive, 6M)
Batting: RHB Bartolo Morales 0-0: Ball
1-0: Called Strike
1-1: Ball
2-1: Grounds into double play, 4-6-3 (Groundball, 4)
Batting: LHB Ned Durand 0-0: Fly out, F8 (Flyball, 8LS)
Top of the 3rd over - 0 run(s), 1 hit(s), 0 error(s), 0 left on base; Atlanta 1 - Thunder Bay 0
BOTTOM OF THE 3RD
Thunder Bay Northern Lions BC batting - Pitching for Atlanta Smoke : RHP Clancy McKinney
Batting: LHB John Brewer 0-0: Ground out 4-3 (Groundball, 4)
Batting: RHB Kenzaburo Hori 0-0: Ball
1-0: Ball
2-0: Foul Ball, location: 2F
2-1: Ball
3-1: Base on Balls
Batting: RHB Keith Fish 0-0: Ball
1-0: Ball
2-0: Foul Ball, location: 2F
2-1: Called Strike
2-2: Ball
3-2: Strikes out looking
Batting: LHB David Smith 0-0: Called Strike
0-1: Foul Ball, location: 2F
0-2: Ball
1-2: Strikes out looking
Bottom of the 3rd over - 0 run(s), 0 hit(s), 0 error(s), 1 left on base; Atlanta 1 - Thunder Bay 0
TOP OF THE 4TH
Atlanta Smoke batting - Pitching for Thunder Bay Northern Lions BC : RHP Tyler MacHugh
Batting: RHB Gabriel Maldonado 0-0: Ball
1-0: Ball
2-0: Called Strike
2-1: Ball
3-1: Called Strike
3-2: Ground out 5-3 (Groundball, 56)
Batting: RHB Gerardo Castillo 0-0: Ball
1-0: Ball
2-0: Foul Ball, location: 2F
2-1: Foul Ball, location: 2F
2-2: Ball
3-2: Foul Ball, location: 2F
3-2: Strikes out swinging
Batting: RHB Layton Templeman 0-0: Ball
1-0: Foul Ball, location: 2F
1-1: Swinging Strike
1-2: Ball
2-2: Strikes out looking
Top of the 4th over - 0 run(s), 0 hit(s), 0 error(s), 0 left on base; Atlanta 1 - Thunder Bay 0
BOTTOM OF THE 4TH
Thunder Bay Northern Lions BC batting - Pitching for Atlanta Smoke : RHP Clancy McKinney
Batting: RHB Wilfred McLaughlin 0-0: Called Strike
0-1: Ball
1-1: Foul Ball, location: 2F
1-2: Ball
2-2: Foul Ball, location: 2F
2-2: Hit by Pitch
Batting: RHB Carlos Padilla 0-0: Called Strike
0-1: Swinging Strike
0-2: Foul Ball, location: 2F
0-2: Ball
1-2: Ball
2-2: Ball
3-2: Foul Ball, location: 2F
3-2: Strikes out swinging
Wilfred McLaughlin steals 2nd base
Batter strikes out.
Batting: SHB Carlos Rodríguez 0-0: Fly out, F8 (Flyball, 8LS)
Batting: LHB Chris Gregory 0-0: Ball
1-0: Ball
2-0: Foul Ball, location: 2F
2-1: Foul Ball, location: 2F
2-2: Ball
3-2: Foul Ball, location: 2F
3-2: Strikes out swinging
Bottom of the 4th over - 0 run(s), 0 hit(s), 0 error(s), 1 left on base; Atlanta 1 - Thunder Bay 0
TOP OF THE 5TH
Atlanta Smoke batting - Pitching for Thunder Bay Northern Lions BC : RHP Tyler MacHugh
Batting: LHB David Hubbard 0-0: Ball
1-0: Ball
2-0: Ball
3-0: Base on Balls
Batting: RHB Pedro Morales 0-0: Ball
1-0: Bunted foul
Pickoff Throw to First - Error! E1
David Hubbard to second
1-1: Bunted foul
1-2: SINGLE (Flyball, 9LS)
David Hubbard to third
Batting: RHB Travis Newsome 0-0: Called Strike
0-1: Ball
1-1: Grounds into double play, 5-4-3 (Groundball, 56)
David Hubbard scores
Batting: LHB Bernardo Elías 0-0: Ball
1-0: Called Strike
1-1: Ball
2-1: Ball
3-1: Fly out, F8 (Flyball, 8RD)
Top of the 5th over - 1 run(s), 1 hit(s), 1 error(s), 0 left on base; Atlanta 2 - Thunder Bay 0
BOTTOM OF THE 5TH
Thunder Bay Northern Lions BC batting - Pitching for Atlanta Smoke : RHP Clancy McKinney
Batting: SHB Arnold Griffith 0-0: Ball
1-0: Called Strike
1-1: Swinging Strike
1-2: Strikes out looking
Batting: LHB John Brewer 0-0: Called Strike
0-1: Ball
1-1: Called Strike
1-2: Ball
2-2: Strikes out swinging
Batting: RHB Kenzaburo Hori 0-0: Ball
1-0: Foul Ball, location: 2F
1-1: Ball
2-1: Called Strike
2-2: Strikes out swinging
Bottom of the 5th over - 0 run(s), 0 hit(s), 0 error(s), 0 left on base; Atlanta 2 - Thunder Bay 0
TOP OF THE 6TH
Atlanta Smoke batting - Pitching for Thunder Bay Northern Lions BC : RHP Tyler MacHugh
Batting: RHB Bartolo Morales 0-0: Ball
1-0: Ball
2-0: Called Strike
2-1: Called Strike
2-2: Fly out, F9 (Flyball, 9)
Batting: LHB Ned Durand 0-0: Ball
1-0: DOUBLE (Line Drive, 9LD)
Batting: RHB Gabriel Maldonado 0-0: Ball
1-0: Ball
2-0: Foul Ball, location: 2F
2-1: Ball
3-1: Base on Balls
Batting: RHB Gerardo Castillo 0-0: Foul Ball, location: 2F
0-1: Ground out 4-3 (Groundball, 4S)
Ned Durand to third
Gabriel Maldonado to second
Batting: RHB Layton Templeman 0-0: Ball
1-0: Single, Error in OF, E8, batter to second base
Ned Durand scores
Gabriel Maldonado scores
Batting: LHB David Hubbard 0-0: Ball
1-0: Ball
2-0: Called Strike
2-1: Called Strike
2-2: Ground out 1-3 (Groundball, 15S)
Top of the 6th over - 2 run(s), 2 hit(s), 1 error(s), 1 left on base; Atlanta 4 - Thunder Bay 0
BOTTOM OF THE 6TH
Thunder Bay Northern Lions BC batting - Pitching for Atlanta Smoke : RHP Clancy McKinney
Batting: RHB Keith Fish 0-0: Ball
1-0: Foul Ball, location: 2F
1-1: Foul Ball, location: 2F
1-2: Strikes out swinging
Batting: LHB David Smith 0-0: Foul Ball, location: 2F
0-1: SINGLE (Groundball, 3L) (infield hit)
Batting: RHB Wilfred McLaughlin 0-0: SINGLE (Groundball, 56D)
David Smith to second
Batting: RHB Carlos Padilla 0-0: Called Strike
0-1: Ball
1-1: Ball
2-1: Fly out, F8 (Line Drive, 78M)
Batting: SHB Carlos Rodríguez 0-0: Ball
1-0: Ball
2-0: Foul Ball, location: 2F
2-1: DOUBLE (Line Drive, 7LM)
David Smith scores
Wilfred McLaughlin to third
Runner from 3rd tries for Home, SAFE, no throw
Batting: LHB Chris Gregory 0-0: Ball
1-0: Foul Ball, location: 2F
1-1: Foul Ball, location: 2F
1-2: 2-RUN HOME RUN (Flyball, 89XD), Distance : 396 ft
Batting: SHB Arnold Griffith 0-0: Called Strike
0-1: Ball
1-1: Foul Ball, location: 2F
1-2: Ball
2-2: Ball
3-2: SINGLE (Groundball, 4MD)
Batting: LHB John Brewer 0-0: Called Strike
0-1: Ball
1-1: Ball
2-1: Ball
3-1: Swinging Strike
3-2: Strikes out swinging
Bottom of the 6th over - 4 run(s), 5 hit(s), 0 error(s), 1 left on base; Atlanta 4 - Thunder Bay 4
TOP OF THE 7TH
Atlanta Smoke batting - Pitching for Thunder Bay Northern Lions BC : RHP Tyler MacHugh
Batting: RHB Pedro Morales 0-0: Ground out 6-3 (Groundball, 6M)
Batting: RHB Travis Newsome 0-0: Ball
1-0: Ball
2-0: Ball
3-0: Called Strike
3-1: Reached on error, E6 (Groundball, 6)
Pitching: LHP Cherles Gachineiro
Batting: LHB Bernardo Elías 0-0: Ball
1-0: Swinging Strike
1-1: Ball
2-1: SINGLE (Groundball, 4D)
Travis Newsome to second
Runner from 2nd tries for 3rd, SAFE, throw made to third
Bernardo Elías to second
Batting: RHB Bartolo Morales 0-0: Intentional Walk
Batting: LHB Ned Durand 0-0: Ball
1-0: Ball
2-0: Fly out, F7 (Line Drive, 78D)
Runner from 3rd tags up, SCORES, no throw
Batting: RHB Gabriel Maldonado 0-0: Ball
1-0: Swinging Strike
1-1: Foul Ball, location: 2F
1-2: Ball
2-2: Ball
3-2: Base on Balls
Bernardo Elías to third
Bartolo Morales to second
Batting: RHB Gerardo Castillo 0-0: Called Strike
0-1: Ball
1-1: Called Strike
1-2: Ball
2-2: Foul Ball, location: 2F
2-2: Ball
3-2: Foul Ball, location: 2F
3-2: SINGLE (Groundball, 4MD)
Bernardo Elías scores
Bartolo Morales to third
Gabriel Maldonado to second
Bartolo Morales scores
Gabriel Maldonado to third
Batting: RHB Layton Templeman 0-0: Ball
1-0: Fielders Choice at 2nd, 6-4 (Groundball, 6)
Top of the 7th over - 3 run(s), 2 hit(s), 1 error(s), 1 left on base; Atlanta 7 - Thunder Bay 4
BOTTOM OF THE 7TH
Thunder Bay Northern Lions BC batting - Pitching for Atlanta Smoke : RHP Clancy McKinney
Batting: RHB Kenzaburo Hori 0-0: Foul Ball, location: 2F
0-1: Ball
1-1: Ground out 1-3 (Groundball, 13)
Batting: RHB Keith Fish 0-0: Ball
1-0: Fly out, F6 (Line Drive, 6)
Batting: LHB David Smith 0-0: Fly out, F9 (Flyball, 9LS)
Bottom of the 7th over - 0 run(s), 0 hit(s), 0 error(s), 0 left on base; Atlanta 7 - Thunder Bay 4
TOP OF THE 8TH
Atlanta Smoke batting - Pitching for Thunder Bay Northern Lions BC : LHP Cherles Gachineiro
Batting: LHB David Hubbard 0-0: Ball
1-0: Hit by Pitch
Batting: RHB Pedro Morales 0-0: Called Strike
0-1: Bunted foul
0-2: Foul Ball, location: 2F
0-2: Fly out, F9 (Flyball, 89M)
Batting: RHB Travis Newsome 0-0: Ball
1-0: Fly out, F5 (Popup, 5D)
Batting: LHB Bernardo Elías 0-0: Ball
1-0: Foul Ball, location: 2F
1-1: Ball
2-1: Ball
3-1: Fly out, F7 (Flyball, 78S)
Top of the 8th over - 0 run(s), 0 hit(s), 0 error(s), 1 left on base; Atlanta 7 - Thunder Bay 4
BOTTOM OF THE 8TH
Thunder Bay Northern Lions BC batting - Pitching for Atlanta Smoke : RHP Clancy McKinney
Pitching: RHP Bruce Hamilton
Batting: RHB Wilfred McLaughlin 0-0: Foul Ball, location: 2F
0-1: Foul Ball, location: 2F
0-2: Ball
1-2: Ground out 4-3 (Groundball, 4)
Batting: RHB Carlos Padilla 0-0: Ball
1-0: SINGLE (Groundball, 56D)
Pitching: LHP Manuel Rodríguez
Batting: SHB Carlos Rodríguez 0-0: Ball
1-0: Ball
2-0: Called Strike
2-1: Fly out, F8 (Flyball, 8RXD)
Batting: LHB Chris Gregory 0-0: Foul Ball, location: 2F
0-1: Ball
1-1: Foul Ball, location: 2F
1-2: Foul Ball, location: 2F
1-2: Foul Ball, location: 2F
1-2: Ball
2-2: Strikes out swinging, 2-3 out at first.
Bottom of the 8th over - 0 run(s), 1 hit(s), 0 error(s), 1 left on base; Atlanta 7 - Thunder Bay 4
TOP OF THE 9TH
Atlanta Smoke batting - Pitching for Thunder Bay Northern Lions BC : LHP Cherles Gachineiro
Batting: RHB Bartolo Morales 0-0: Fly out, F8 (Flyball, 8LS)
Batting: LHB Ned Durand 0-0: Ball
1-0: Swinging Strike
1-1: Ground out 4-3 (Groundball, 34)
Batting: RHB Gabriel Maldonado 0-0: Called Strike
0-1: Foul Ball, location: 2F
0-2: Ball
1-2: Ball
2-2: Ball
3-2: Strikes out swinging
Top of the 9th over - 0 run(s), 0 hit(s), 0 error(s), 0 left on base; Atlanta 7 - Thunder Bay 4
BOTTOM OF THE 9TH
Thunder Bay Northern Lions BC batting - Pitching for Atlanta Smoke : LHP Manuel Rodríguez
Pitching: RHP Iván García
Batting: SHB Arnold Griffith 0-0: Called Strike
0-1: Foul Ball, location: 2F
0-2: Foul Ball, location: 2F
0-2: Ball
1-2: Ball
2-2: Fly out, F6 (Line Drive, 6M)
Batting: LHB John Brewer 0-0: Foul Ball, location: 2F
0-1: Ball
1-1: SINGLE (Line Drive, 78M)
Batting: RHB Kenzaburo Hori 0-0: Ball
1-0: Called Strike
1-1: Ball
2-1: Swinging Strike
2-2: Foul Ball, location: 2F
2-2: Strikes out swinging
Batting: RHB Keith Fish 0-0: Ground out 5-3 (Groundball, 56S)
Bottom of the 9th over - 0 run(s), 1 hit(s), 0 error(s), 1 left on base; Atlanta 7 - Thunder Bay 4
Monday, March 20th, 2017 - OOTP Baseball 17.12 Build 75